 Dungeon Crawl Stone Soup version 0.18-a0-1390-gc02854d (webtiles) character file.

4186 dvd the Ducker (level 10, -6/83 HPs)
             Began as a Minotaur Gladiator on Feb 22, 2016.
             Was an Elder of Okawaru.
             Mangled by a hill giant
             ... wielding a +0 giant spiked club
              (32 damage)
             ... on level 9 of the Dungeon.
             The game lasted 00:33:43 (9815 turns).

dvd the Ducker (Minotaur Gladiator)                 Turns: 9815, Time: 00:33:43

Health: -6/83      AC: 16    Str: 21    XL:     10   Next: 8%
Magic:  9/9        EV: 11    Int:  3    God:    Okawaru [****..]
Gold:   584        SH:  0    Dex: 11    Spells: 0 memorised, 9 levels left

rFire  + . .     SeeInvis .     J - +2 lajatang (elec)
rCold  . . .     Gourm    .     H - +2 chain mail {rF+}
rNeg   . . .     Faith    .     (shield currently unavailable)
rPois  .         Spirit   .     c - +2 hat
rElec  .         Dismiss  .     y - +1 cloak
rCorr  .         Reflect  .     (no gloves)
SustAt .         Harm     .     (no boots)
MR     .....                    (no amulet)
Stlth  ..........               x - ring of stealth
                                n - ring of flight

@: not resistant to hostile enchantments, extremely unstealthy
A: retaliatory headbutt, horns 2, dopey 1, slow regeneration 1, weak 1
a: Heroism, Renounce Religion, Evoke Flight


You were on level 9 of the Dungeon.
You worshipped Okawaru.
Okawaru was greatly pleased with you.
You were not hungry.

You visited 1 branch of the dungeon, and saw 9 of its levels.

You collected 584 gold pieces.

Inventory:

Hand Weapons
 a - a +1 war axe
 b - a +0 hunting sling
 r - a +4 short sword of holy wrath
 u - a +2 flail of protection
 I - a +0 shortbow
 J - a +2 lajatang of electrocution (weapon)
Missiles
 d - 4 throwing nets (quivered)
 e - 91 arrows
 h - a sling bullet of frost
 m - 327 stones
 q - 29 sling bullets
 A - 16 sling bullets of flame
 O - 16 poisoned arrows
Armour
 c - a +2 hat (worn)
 j - a +0 scale mail
 k - the +2 leather armour "Afrynof" {rPois}
   (You found it on level 4 of the Dungeon)

   It protects you from poison.
 w - a +2 shield
 y - a +1 cloak (worn)
 H - a +2 chain mail of fire resistance (worn)
Jewellery
 l - an uncursed amulet of faith
 n - a ring of flight (left hand)
 x - a ring of stealth (right hand)
Wands
 v - a wand of acid (8/15)
 z - a wand of acid (6/15)
 C - a wand of lightning (2/15)
 D - a wand of confusion (21/48)
 G - a wand of lightning (4/15)
 K - a wand of flame (21/48)
 M - a wand of disintegration (9/24)
 P - a wand of acid (10/15)
Scrolls
 g - 2 scrolls of teleportation
 s - 2 scrolls of fog
 B - 9 scrolls of identify
 E - 2 scrolls of remove curse
 L - a scroll of fear
Potions
 i - 4 potions of heal wounds
 o - 4 potions of curing
 p - a potion of flight
Books
 F - a book of Spatial Translocations

   Spells                             Type                      Level
   a - Apportation                    Translocation                1
   b - Blink                          Translocation                2
   c - Shroud of Golubria             Charms/Translocation         2
   d - Portal Projectile              Translocation                3
   e - Teleport Other                 Translocation                3
   f - Passage of Golubria            Translocation                4
Comestibles
 f - 5 bread rations
 t - a royal jelly
 N - a slice of pizza


   Skills:
 + Level 6.1 Fighting
 + Level 7.4(7.6) Axes
 + Level 2.2(5.9) Maces & Flails
 + Level 4.2(4.5) Staves
 + Level 5.9(6.3) Slings
 + Level 2.5(4.3) Throwing
 + Level 6.6 Armour
 + Level 7.7 Dodging
 + Level 2.4 Stealth
 + Level 5.9 Shields


You had 9 spell levels left.
You didn't know any spells.

Dungeon Overview and Level Annotations

Branches:
Dungeon (9/15)             Temple (0/1) D:7             Orc (0/2) D:9
   Lair: D:8-11

Altars:
Ashenzari
Cheibriados
Fedhas
Kikubaaqudgha
Makhleb
Okawaru
Pakellas
Qazlal
Ru
Yredelemnul
Zin
The Shining One

Shops:
D:7 =


Innate Abilities, Weirdness & Mutations

You reflexively headbutt those who attack you in melee.
You have a pair of horns on your head.
You are dopey. (Int -2)
You regenerate slowly when monsters are visible.
You are weak. (Str -2)


Message History

You see here a scorpion corpse.
You open the door.
A hill giant comes into view. It is wielding a giant spiked club.
The hill giant shouts!
Found 13 gold pieces, 20 arrows and a falchion.
Found a stone staircase leading down.
The hill giant hits you with a giant spiked club!!
There is an open door, spattered with blood here.
You slash the hill giant!
The hill giant is moderately wounded.
You hit the hill giant.
The hill giant is heavily wounded.
The hill giant hits you with a giant spiked club!
You slash the hill giant! You headbutt the hill giant.
The hill giant is heavily wounded.
The hill giant hits you with a giant spiked club!
You completely miss the hill giant.
The hill giant is heavily wounded.
The hill giant hits you with a giant spiked club!!
You die...

##.##.###..####.##.##
## #.##.###..# #.##.#
##.
#.#...##..####.##.#
#.#
#.#...##.......##+##
#..
#.#...##.#######...#
#.# #.###.##.##
#..... #.#
#.#.......# #...(..
#..
#.........###.......
####..
###.#......@C.......
+.....
#.#.....###$......
####.. #.#.#.#.#
#...... #.. #.#.###.#
#.>... #.. #.#.###.#
#.).# ### #.......#
#+## ###.##### #.##
#.#.####


You could see a hill giant.

Vanquished Creatures
  A two-headed ogre (D:8)
  2 trolls (D:9)
  Sigmund (D:6)
  A wyvern (D:8)
  2 sky beasts
  An ice beast (D:5)
  4 ogres
  A phantom (D:4)
  A centaur (D:7)
  4 giant frogs
  A big kobold (D:8)
  A gnoll sergeant (D:3)
  A scorpion (D:9)
  4 killer bees
  4 crimson imps
  A giant frog zombie (D:5)
  5 jellies
  A quasit (D:7)
  3 iron imps (D:3)
  3 hounds
  4 gnoll shamans
  4 orc priests
  A giant frog skeleton (D:8)
  2 orc wizards
  2 iguanas
  3 worker ants
  A hound skeleton (D:7)
  56 gnolls
  12 adders
  2 shadow imps
  An adder zombie (D:8)
  2 adder skeletons
  3 dart slugs
  5 giant geckos
  35 orcs
  2 bat zombies (D:5)
  3 giant cockroaches
  5 hobgoblins
  20 jackals
  16 kobolds
  6 quokkas
  A ball python skeleton (D:5)
  7 bats
  A giant gecko zombie (D:8)
  4 giant newts
  10 goblins
  A jackal zombie (D:6)
  2 quokka skeletons
  10 rats
  4 rat zombies (D:5)
  A plant (D:3)
268 creatures vanquished.

Notes
Turn   | Place    | Note
--------------------------------------------------------------
     0 | D:1      | dvd the Minotaur Gladiator began the quest for the Orb.
     0 | D:1      | Reached XP level 1. HP: 18/18 MP: 0/0
   117 | D:1      | Reached XP level 2. HP: 16/25 MP: 1/1
   869 | D:2      | Reached XP level 3. HP: 26/30 MP: 2/2
   997 | D:2      | Found an iron altar of Okawaru.
  1298 | D:2      | Reached skill level 1 in Armour
  1339 | D:2      | Became a worshipper of Warmaster Okawaru
  1461 | D:2      | Reached XP level 4. HP: 37/37 MP: 3/3
  1636 | D:2      | Reached skill level 1 in Slings
  1686 | D:2      | Reached XP level 5. HP: 43/45 MP: 4/4
  2287 | D:3      | Found a blossoming altar of Fedhas.
  2306 | D:3      | Reached * piety under Okawaru
  2631 | D:3      | Reached XP level 6. HP: 51/51 MP: 5/5
  2843 | D:3      | Reached skill level 1 in Shields
  2855 | D:3      | Reached skill level 5 in Axes
  3210 | D:2      | Reached XP level 7. HP: 36/58 MP: 6/6
  3429 | D:3      | Reached skill level 5 in Dodging
  3695 | D:3      | Reached ** piety under Okawaru
  4016 | D:3      | Found a burning altar of Makhleb.
  4340 | D:3      | Reached XP level 8. HP: 66/66 MP: 7/7
  4723 | D:4      | Got a shimmering leather armour
  4734 | D:4      | Identified the +2 leather armour "Afrynof" {rPois} (You found it on level 4 of the Dungeon)
  4919 | D:5      | Entered Level 5 of the Dungeon
  5215 | D:5      | Found an ancient bone altar of Kikubaaqudgha.
  5409 | D:5      | Found a shattered altar of Ashenzari.
  5560 | D:5      | Reached skill level 5 in Slings
  5560 | D:5      | Reached skill level 5 in Armour
  5863 | D:5      | Reached *** piety under Okawaru
  6590 | D:6      | Reached skill level 1 in Stealth
  6603 | D:6      | Gained mutation: You are dopey. (Int -2) [potion of mutation]
  6603 | D:6      | Gained mutation: You are weak. (Str -2) [potion of mutation]
  6603 | D:6      | Gained mutation: You regenerate slowly when monsters are visible. [potion of mutation]
  6706 | D:6      | Noticed Sigmund
  6714 | D:6      | Killed Sigmund
  6734 | D:6      | Reached skill level 5 in Shields
  6734 | D:6      | Reached XP level 9. HP: 37/73 MP: 8/8
  6907 | D:6      | Reached skill level 5 in Fighting
  7027 | D:6      | Reached **** piety under Okawaru
  7637 | D:7      | Found a glowing golden altar of the Shining One.
  7714 | D:7      | Found Tixt's Jewellery Shop.
  7859 | D:7      | Reached skill level 1 in Maces & Flails
  7860 | D:7      | Found a staircase to the Ecumenical Temple.
  8010 | D:7      | Found a basalt altar of Yredelemnul.
  8014 | D:7      | Found a snail-covered altar of Cheibriados.
  8017 | D:7      | Found a sacrificial altar of Ru.
  8017 | D:7      | Found a glowing silver altar of Zin.
  8168 | D:8      | Reached skill level 1 in Staves
  8220 | D:8      | Received a gift from Okawaru
  8517 | D:8      | Found a stormy altar of Qazlal.
  9239 | D:8      | Found an oddly glowing altar of Pakellas.
  9509 | D:9      | Found a staircase to the Orcish Mines.
  9636 | D:9      | Noticed a troll
  9643 | D:9      | Killed a troll
  9643 | D:9      | Reached XP level 10. HP: 68/83 MP: 9/9
  9809 | D:9      | Noticed a hill giant
  9815 | D:9      | Mangled by a hill giant

Vault maps used:
D:1:      eino_arrival_tree_alley
D:2:      okawaru_altar_gauntlet_db
D:3:      lemuel_castle_with_subvaults, demons_altar,
          nicolae_overflow_hidden_temple
D:4:      first_bread
D:5:      lemuel_zombie_altar_kikubaaqudgha, ashenzari_altar_1
D:6:      hex_large, uniq_sigmund
D:7:      tso_metal_star, grunt_temple_overflow_open, minmay_temple_entry_grid,
          serial_shops, kennysheep_mini
D:8:      grunt_qazlal_sundering, lemuel_coloured_pillars_altar
D:9:      orc_0_dummy

Skill      XL: |  1  2  3  4  5  6  7  8  9 10 |
---------------+-------------------------------+-----
Axes           | 4 5 7 |  7.4
Dodging        | 4 5 6 7 |  7.7
Armour         | 1 2 3 4 5 6 |  6.6
Fighting       | 3 4 6 |  6.1
Slings         | 1 2 4 5 |  5.9
Shields        | 2 3 5 |  5.9
Stealth        | 1 2 |  2.4
Maces & Flails | 2 |  2.2
Staves         | 3 4 |  4.2
Throwing       | |  2.5

Action                   |  1- 3 |  4- 6 |  7- 9 | 10-12 || total
-------------------------+-------+-------+-------+-------++-------
Melee: War axe           |    66 |   155 |   283 |       ||   504
       Flail             |       |       |    61 |       ||    61
       Lajatang          |       |       |    86 |    11 ||    97
 Fire: Hunting sling     |    11 |    24 |   106 |       ||   141
Throw: Throwing net      |       |       |     3 |       ||     3
  Use: Potion            |       |     6 |     3 |       ||     9
       Scroll            |       |       |    13 |       ||    13
 Stab: Distracted        |       |       |     1 |       ||     1
       Sleeping          |       |       |     2 |       ||     2
  Eat: Chunk             |     2 |     6 |    20 |     1 ||    29
       Fruit             |       |       |     1 |       ||     1
